Unix NetHack Version 3.7.0-64 Work-in-progress - last build Sep 20 2022 13:51:49 (2efdc47de06bbc12dbc956ebf73d51181633095d,branch:master). Game began 2022-09-22 12:41:37, ended 2022-09-22 12:46:41. Arasaka, lawful male dwarven Caveman ------ |.....############# |....| |....| |.....#### ---------- -|-.-- # |........| # ####-f.......| # |@d......| # ---------- # ## # -.-.--- |.....| |.^...| |<....| ------- Arasaka the Aborigine St:18/03 Dx:10 Co:18 In:10 Wi:10 Ch:6 Lawful Dlvl:4 $:49 HP:0(38) Pw:6(6) AC:4 Xp:3/44 T:999 Latest messages: You are carrying too much to get through. You find a hidden passage. Korone drops a scroll labeled XOR OTA. You swap places with Korone. k - a food ration (3 in total). You swap places with Korone. s - a scroll labeled XOR OTA. You swap places with Korone. You swap places with Korone. That door is closed. The door opens. The kitten misses! The kitten misses! The kitten bites! The kitten misses! You miss the kitten. Korone bites the kitten. The kitten misses Korone. The kitten bites! The kitten bites! You miss the kitten. Korone misses the kitten. The kitten bites! Korone misses the kitten. You hit the kitten! The kitten bites! Korone misses the kitten. The kitten bites! You miss the kitten. Korone misses the kitten. You miss the kitten. The kitten bites! You miss the kitten. The kitten bites! What do you want to write with? [- abcd or ?*] You write in the dust with your fingertip. The kitten bites! Korone bites the kitten. The kitten misses Korone. What do you want to write with? [- abcd or ?*] Do you want to add to the current engraving? [ynq] (y) You wipe out the message that was written in the dust here. You write in the dust with your fingertip. Never mind. You miss the kitten. Korone misses the kitten. The kitten bites! Korone misses the kitten. The kitten bites! You die... Inventory: Coins ('$') $ - 49 gold pieces Weapons (')') b - an uncursed +2 sling (alternate weapon; not wielded) a - an uncursed +1 club (weapon in hand) Armor ('[') i - an uncursed +0 alchemy smock with text "If we weren't meant to eat animals, why are they made out of meat?" (being worn) r - a cursed -1 dwarvish mithril-coat (being worn) Comestibles ('%') k - 3 uncursed food rations n - 2 uncursed tripe rations Scrolls ('?') f - an uncursed scroll of blank paper g - an uncursed scroll of destroy armor s - an uncursed scroll of enchant armor p - 3 uncursed scrolls of identify Potions ('!') o - an uncursed potion of invisibility q - a blessed potion of see invisible l - an uncursed potion of water Tools ('(') e - an uncursed skeleton key Gems/Stones ('*') c - 15 uncursed flint stones (in quiver pouch) d - 27 uncursed rocks Arasaka the Caveman's attributes: Background: You were an Aborigine, a level 3 dwarven Caveman. You were lawful, on a mission for Anu who was opposed by Ishtar (neutral) and Anshar (chaotic). You were in the Dungeons of Doom, on level 4. You entered the dungeon 999 turns ago. You had 44 experience points, 36 more were needed to attain level 4. Basics: You had 0 out of 38 hit points. You had all 6 energy points (spell power). Your armor class was 4. Your wallet contained 49 zorkmids. Autopickup was on for '$"?' plus thrown, with exceptions. Final Characteristics: Your strength was 18/03 (limit:18/100). Your dexterity was 10 (limit:20). Your constitution was 18 (limit:20). Your intelligence was 10 (limit:16). Your wisdom was 10 (limit:16). Your charisma was 6 (limit:16). Final Status: You were not hungry. You were unencumbered. You were wielding a club. You had basic skill with club. Final Attributes: You were devoutly aligned. You were poison resistant. You were acid resistant. Your items were protected from acid. You had infravision. You were guarded. You are dead. Miscellaneous: You disabled loading of bones levels. Total elapsed playing time was 5 minutes and 3 seconds. Major events: Turn 1: Arasaka the lawful dwarven Caveman entered the dungeon 774: attained the rank of Aborigine (level 3) 999: killed by a kitten Vanquished creatures: a gecko 2 jackals 3 goblins 5 grid bugs 5 lichens a kobold zombie 2 newts 19 creatures vanquished. No species were genocided or became extinct. Voluntary challenges: You were an atheist. You read items or engraved 1 time. You never engraved Elbereth. You never genocided any monsters. You never polymorphed an object. You never changed form. You used no wishes. Achievements: You attained the rank of Aborigine. You entered a shop. The Dungeons of Doom: levels 1 to 4 Level 1: A sink. Level 2: Level 3: A scroll shop, a fountain. Level 4: <- You were here. Final resting place for you, killed by a kitten. Game over: ---------- / \ / REST \ / IN \ / PEACE \ / \ | Arasaka | | 49 Au | | killed by a | | kitten | | | | | | 2022 | *| * * * | * _________)/\\_//(\/(/\)/\//\/|_)_______ Goodbye Arasaka the Caveman... You died in The Dungeons of Doom on dungeon level 4 with 371 points, and 49 pieces of gold, after 999 moves. You were level 3 with a maximum of 38 hit points when you died.